Flames vs Maple Leafs
Created - 14 décembre 2013 at 19:01
Goals
|
| Flames |
1 |
1 |
0 |
2 |
| Maple Leafs |
1 |
2 |
1 |
4 |
|
Shots
|
| Flames |
10 |
9 |
3 |
22 |
| Maple Leafs |
7 |
12 |
14 |
33 |
|
1st period
1. Flames , Josef Vasicek 9 (Mark Bell, Jordin Tootoo) at 15:09
2. Maple Leafs , Robert Nilsson 11 (Claude Giroux, Tobias Enstrom) at 17:18 (PP)
Penalties :
Alexander Semin (Cal) for Tripping (Minor) at 7:04, Robert Nilsson (Tor) for Slashing (Minor) at 12:39, Erik Johnson (Cal) for Interference (Minor) at 17:04, Robert Nilsson (Tor) for Hooking (Minor) at 17:59
2nd period
3. Maple Leafs , Alexander Frolov 11 (Claude Giroux, Robert Nilsson) at 3:30 (PP)
4. Maple Leafs , Dion Phaneuf 3 (Brendan Morrison) at 12:47
5. Flames , Josef Vasicek 10 (Mark Bell) at 13:37
Penalties :
Marcel Goc (Cal) for High sticking (Minor) at 3:28, Brett Lebda (Cal) for Boarding (Minor) at 3:31, Lasse Kukkonen (Tor) for Tripping (Minor) at 16:22, Michal Handzus (Cal) for Hooking (Minor) at 16:22
3rd period
6. Maple Leafs , Robert Nilsson 12 (Claude Giroux, Alexander Frolov) at 19:58
Penalties :
Marcel Goc (Cal) for Holding (Minor) at 2:09, Ron Hainsey (Cal) for Hooking (Minor) at 10:32
Goalie Stats
Craig Anderson (Cal), 29 saves from 33 shots - (0,879), L, 11-4-0, 60:00 minutes
Marc-André Fleury (Tor), 20 saves from 22 shots - (0,909), W, 10-9-0, 60:00 minutes
Players Stats for Flames
Player Name G A P +/- PIM S H SB GA TA FO MP PP MP PK MP
------------------------------------------------------------------------------------
Alexander Semin 0 0 0 -2 2 3 3 0 0 0 0/3 20:22 2:07 1:13
Branko Radivojevic 0 0 0 0 0 0 1 0 0 0 0/1 8:06 0:07 0:00
Brett Lebda 0 0 0 0 2 3 0 0 0 0 0/0 20:23 1:13 3:00
David Backes 0 0 0 -1 0 1 0 0 1 0 1/1 14:16 2:07 0:00
Eric Staal 0 0 0 -2 0 2 2 1 0 0 7/23 21:15 2:07 2:31
Erik Johnson 0 0 0 0 2 2 1 2 0 0 0/0 19:55 2:45 3:21
Jordin Tootoo 0 1 1 2 0 1 0 0 0 0 0/0 12:57 0:00 1:40
Josef Vasicek 2 0 2 2 0 3 3 0 0 0 2/5 12:10 1:44 0:00
Marcel Goc 0 0 0 0 4 3 1 0 0 0 2/4 8:24 0:07 0:00
Mark Bell 0 2 2 2 0 0 0 0 1 0 0/2 13:02 1:44 0:15
Michal Handzus 0 0 0 0 2 1 2 0 0 0 7/15 15:39 0:00 4:10
Mike Leclerc 0 0 0 0 0 0 1 0 0 0 0/0 12:10 0:07 4:04
Milan Hejduk 0 0 0 -1 0 2 2 0 0 3 1/1 16:42 1:44 0:00
Niklas Kronwall 0 0 0 1 0 0 1 0 0 0 0/0 16:00 1:13 1:48
Petr Schastlivy 0 0 0 0 0 0 1 0 1 1 0/1 14:27 0:00 2:31
Ron Hainsey 0 0 0 1 2 0 1 0 0 0 0/0 16:02 0:00 3:36
Steve Eminger 0 0 0 -1 0 0 2 2 0 0 0/0 25:39 0:00 4:39
Tomas Kaberle 0 0 0 -1 0 1 1 1 0 0 0/0 22:13 2:45 0:00
Players Stats for Maple Leafs
Player Name G A P +/- PIM S H SB GA TA FO MP PP MP PK MP
------------------------------------------------------------------------------------
Alex Goligoski 0 0 0 1 0 1 0 1 0 0 0/0 22:08 5:02 1:41
Alexander Frolov 1 1 2 1 0 1 2 0 0 0 0/0 22:52 4:37 2:10
Andy Hilbert 0 0 0 0 0 0 1 0 0 1 0/0 10:56 0:03 1:25
Brendan Morrison 0 1 1 1 0 4 1 0 0 0 9/11 17:57 3:32 1:54
Brett Clark 0 0 0 0 0 0 2 0 0 0 0/0 16:23 0:00 0:00
Byron Bitz 0 0 0 1 0 0 2 0 0 0 1/1 15:38 3:32 0:00
Claude Giroux 0 3 3 1 0 4 2 0 1 0 2/2 21:30 4:38 0:00
Dion Phaneuf 1 0 1 0 0 2 3 0 1 2 0/0 24:12 2:43 2:17
Dustin Penner 0 0 0 1 0 3 0 0 0 0 1/1 16:17 3:32 0:23
Jamal Mayers 0 0 0 -2 0 3 1 1 0 0 0/0 8:19 0:00 0:00
Jay Harrison 0 0 0 -1 0 4 0 2 0 0 0/0 14:24 0:27 0:00
Lasse Kukkonen 0 0 0 -1 2 2 2 2 0 0 0/0 18:57 3:10 1:41
Nils Ekman 0 0 0 0 0 0 1 0 0 0 0/0 9:51 0:05 0:00
Paul Stastny 0 0 0 0 0 1 2 0 0 0 3/5 11:49 0:00 2:00
Rob Schremp 0 0 0 -2 0 1 0 0 0 0 2/4 8:24 0:00 0:04
Robert Nilsson 2 1 3 1 4 3 2 0 2 0 18/32 21:52 4:37 0:00
Steve Ott 0 0 0 -2 0 1 3 0 0 0 0/0 8:19 0:00 0:00
Tobias Enstrom 0 1 1 1 0 3 0 5 0 0 0/0 24:12 5:02 2:17
3 Stars
1 - Josef Vasicek (Cal)
2 - Robert Nilsson (Tor)
3 - Alexander Frolov (Tor)
Power Play
Flames - 0 on 2 Attempt(s) - 0,00%
Maple Leafs - 2 on 6 Attempt(s) - 33,33%
Penalty Kill
Flames - 4 on 6 Attempt(s) - 66,67%
- Score 0 goal in Penalty Kill
Maple Leafs - 2 on 2 Attempt(s) - 100,00%
- Score 0 goal in Penalty Kill
Official
Referees : Watson Brad and Hasenfratz Mike
Linesman : Mark Pare and Dan Schachte
Game Notes
No Game Note
Finance
Level 1 -- Attendance: 4368 (72,80%) -- Ticket Income 393 120 $
Level 2 -- Attendance: 3443 (68,86%) -- Ticket Income 189 365 $
Level 3 -- Attendance: 1415 (70,75%) -- Ticket Income 45 280 $
Level 4 -- Attendance: 3887 (97,18%) -- Ticket Income 77 740 $
Luxury Box -- Attendance: 806 (80,60%) -- Ticket Income 141 050 $
Game was played at the Maple Leafs Garden
Total Attendance: 13919 (77,33%)
Total Ticket Income: 846 555 $
Other Income: 126 983 $
Total Income: 973 538 $
Flames
5 vs 5 Forward
Center Left Wing Right Wing Time % Phy DF OF
1 Eric Staal Alexander Semin Milan Hejduk 40 1 2 2
2 Michal Handzus Petr Schastlivy David Backes 30 1 2 2
3 Josef Vasicek Mark Bell Jordin Tootoo 20 1 2 2
4 Marcel Goc Mike Leclerc Branko Radivojevic 10 1 2 2
5 vs 5 Defense
Defense Defense Time % Phy DF OF
1 Tomas Kaberle Steve Eminger 40 1 2 2
2 Brett Lebda Erik Johnson 30 1 2 2
3 Ron Hainsey Niklas Kronwall 20 1 2 2
4 Brett Lebda Steve Eminger 10 1 2 2
PowerPlay Forward
Center Left Wing Right Wing Time % Phy DF OF
1 Eric Staal Alexander Semin David Backes 60 1 1 3
2 Josef Vasicek Mark Bell Milan Hejduk 40 1 1 3
PowerPlay Defense
Defense Defense Time % Phy DF OF
1 Tomas Kaberle Erik Johnson 60 1 1 3
2 Brett Lebda Niklas Kronwall 40 1 1 3
Penalty Kill 4 Players Forward
Center Wing Time % Phy DF OF
1 Michal Handzus Mike Leclerc 60 1 3 1
2 Eric Staal Petr Schastlivy 40 1 3 1
Penalty Kill 4 Players Defense
Defense Defense Time % Phy DF OF
1 Ron Hainsey Steve Eminger 60 1 3 1
2 Brett Lebda Erik Johnson 40 1 3 1
Penalty Kill - 3 Players Forward
Forward Time % Phy DF OF
1 Michal Handzus 60 1 3 1
2 Eric Staal 40 1 3 1
Penalty Kill - 3 Players Defense
Defense Defense Time % Phy DF OF
1 Ron Hainsey Steve Eminger 60 1 4 0
2 Brett Lebda Erik Johnson 40 1 4 0
4 vs 4 Forward
Center Wing Time % Phy DF OF
1 Eric Staal Alexander Semin 60 1 2 2
2 Michal Handzus Milan Hejduk 40 1 2 2
4 vs 4 Defense
Defense Defense Time % Phy DF OF
1 Tomas Kaberle Steve Eminger 60 1 2 2
2 Brett Lebda Erik Johnson 40 1 2 2
Last Minutes Offensive
Center Left Wing Right Wing Defense Defense
Eric Staal Alexander Semin David Backes Tomas Kaberle Steve Eminger
Last Minutes Defensive
Center Left Wing Right Wing Defense Defense
Eric Staal Mike Leclerc David Backes Ron Hainsey Steve Eminger
Goaltenders
Starting : Craig Anderson
Backup : Pekka Rinne
Extra Forwards
Normal : Milan Hejduk, Mark Bell, Petr Schastlivy - PP : Milan Hejduk, Marcel Goc - PK : Jordin Tootoo
Extra Defensemen
Normal : Niklas Kronwall, Erik Johnson, Brett Lebda - PP : Erik Johnson - PK : Brett Lebda, Erik Johnson
Penalty Shots
Eric Staal, David Backes, Alexander Semin, Milan Hejduk, Marcel Goc
Maple Leafs
5 vs 5 Forward
Center Left Wing Right Wing Time % Phy DF OF
1 Robert Nilsson Alexander Frolov Claude Giroux 40 1 1 3
2 Brendan Morrison Dustin Penner Byron Bitz 30 1 2 2
3 Paul Stastny Andy Hilbert Nils Ekman 20 1 2 2
4 Rob Schremp Steve Ott Jamal Mayers 10 1 2 2
5 vs 5 Defense
Defense Defense Time % Phy DF OF
1 Dion Phaneuf Brett Clark 40 1 3 1
2 Tobias Enstrom Alex Goligoski 30 1 2 2
3 Jay Harrison Lasse Kukkonen 20 1 2 2
4 Dion Phaneuf Tobias Enstrom 10 1 2 2
PowerPlay Forward
Center Left Wing Right Wing Time % Phy DF OF
1 Robert Nilsson Alexander Frolov Claude Giroux 60 0 1 4
2 Brendan Morrison Dustin Penner Byron Bitz 40 0 2 3
PowerPlay Defense
Defense Defense Time % Phy DF OF
1 Alex Goligoski Tobias Enstrom 60 0 2 3
2 Dion Phaneuf Lasse Kukkonen 40 0 2 3
Penalty Kill 4 Players Forward
Center Wing Time % Phy DF OF
1 Robert Nilsson Alexander Frolov 60 1 3 1
2 Brendan Morrison Dustin Penner 40 1 3 1
Penalty Kill 4 Players Defense
Defense Defense Time % Phy DF OF
1 Dion Phaneuf Tobias Enstrom 60 1 4 0
2 Alex Goligoski Lasse Kukkonen 40 1 4 0
Penalty Kill - 3 Players Forward
Forward Time % Phy DF OF
1 Robert Nilsson 60 1 2 0
2 Brendan Morrison 40 1 4 0
Penalty Kill - 3 Players Defense
Defense Defense Time % Phy DF OF
1 Dion Phaneuf Tobias Enstrom 60 1 4 0
2 Alex Goligoski Lasse Kukkonen 40 1 4 0
4 vs 4 Forward
Center Wing Time % Phy DF OF
1 Robert Nilsson Claude Giroux 60 1 2 2
2 Brendan Morrison Alexander Frolov 40 1 2 2
4 vs 4 Defense
Defense Defense Time % Phy DF OF
1 Dion Phaneuf Tobias Enstrom 60 1 2 2
2 Alex Goligoski Lasse Kukkonen 40 1 2 2
Last Minutes Offensive
Center Left Wing Right Wing Defense Defense
Robert Nilsson Alexander Frolov Claude Giroux Dion Phaneuf Tobias Enstrom
Last Minutes Defensive
Center Left Wing Right Wing Defense Defense
Robert Nilsson Alexander Frolov Claude Giroux Dion Phaneuf Tobias Enstrom
Goaltenders
Starting : Marc-André Fleury
Backup : Viktor Fasth
Extra Forwards
Normal : Dustin Penner, Nils Ekman, Paul Stastny - PP : Brendan Morrison, Nils Ekman - PK : Paul Stastny
Extra Defensemen
Normal : Lasse Kukkonen, Jay Harrison, Tobias Enstrom - PP : Lasse Kukkonen - PK : Jay Harrison, Tobias Enstrom
Penalty Shots
Claude Giroux, Robert Nilsson, Brendan Morrison, Rob Schremp, Dustin Penner
% Time on Ice - Flames
Lines # - Real PCT - Wanted PCT - Time Play
Normal Forward
1 - 34% - 40% - 15:12
2 - 25% - 30% - 11:21
3 - 23% - 20% - 10:24
4 - 18% - 10% - 7:58
Normal Defense
1 - 42% - 40% - 18:42
2 - 28% - 30% - 12:35
3 - 27% - 20% - 12:12
4 - 3% - 10% - 1:26
PP Forward
1 - 56% - 60% - 2:14
2 - 44% - 40% - 1:44
PP Defense
1 - 69% - 60% - 2:45
2 - 31% - 40% - 1:13
PK Forward
1 - 69% - 60% - 5:41
2 - 31% - 40% - 2:31
PK Defense
1 - 68% - 60% - 5:37
2 - 32% - 40% - 2:35
PK3 Forward
1 - 0% - 60%
2 - 0% - 40%
PK3 Defense
1 - 0% - 60%
2 - 0% - 40%
44 Forward
1 - 100% - 60% - 1:59
2 - 0% - 40% - 0:00
44 Defense
1 - 66% - 60% - 1:19
2 - 34% - 40% - 0:40
Last Minute Offensive - 0:56
Last Minute Defensive - 0:00
Total
Forward - 60:00
Defense - 60:00
|
% Time on Ice - Maple Leafs
Lines # - Real PCT - Wanted PCT - Time Play
Normal Forward
1 - 34% - 40% - 15:04
2 - 27% - 30% - 12:06
3 - 21% - 20% - 9:27
4 - 19% - 10% - 8:19
Normal Defense
1 - 40% - 40% - 17:50
2 - 29% - 30% - 12:53
3 - 29% - 20% - 13:13
4 - 2% - 10% - 1:00
PP Forward
1 - 57% - 60% - 4:40
2 - 43% - 40% - 3:32
PP Defense
1 - 61% - 60% - 5:02
2 - 39% - 40% - 3:10
PK Forward
1 - 90% - 60% - 3:35
2 - 10% - 40% - 0:23
PK Defense
1 - 58% - 60% - 2:17
2 - 42% - 40% - 1:41
PK3 Forward
1 - 0% - 60%
2 - 0% - 40%
PK3 Defense
1 - 0% - 60%
2 - 0% - 40%
44 Forward
1 - 79% - 60% - 1:34
2 - 21% - 40% - 0:25
44 Defense
1 - 63% - 60% - 1:15
2 - 37% - 40% - 0:44
Last Minute Offensive - 0:00
Last Minute Defensive - 0:55
Total
Forward - 60:00
Defense - 60:00
|
Play by Play
1st period
0:01 of 1st period - Eric Staal wins face-off versus Robert Nilsson in neutral zone.
0:36 of 1st period - Slapshot by Dustin Penner.
0:36 of 1st period - Stopped by Craig Anderson with a rebound.
1:29 of 1st period - Wrist shot by Claude Giroux.
1:29 of 1st period - Deflect By Robert Nilsson.
1:29 of 1st period - Stopped by Craig Anderson without a rebound.
1:30 of 1st period - Robert Nilsson wins face-off versus Eric Staal in Flames zone.
2:22 of 1st period - Wrist shot by Josef Vasicek.
2:22 of 1st period - Stopped by Marc-André Fleury with a rebound.
2:24 of 1st period - Slapshot by Brett Lebda.
2:24 of 1st period - Stopped by Marc-André Fleury without a rebound.
2:25 of 1st period - Brendan Morrison wins face-off versus Michal Handzus in Maple Leafs zone.
2:57 of 1st period - Wrist shot by Paul Stastny.
2:57 of 1st period - Shot Blocked by Steve Eminger.
2:59 of 1st period - Snap shot by Lasse Kukkonen.
2:59 of 1st period - Shot Misses the Net.
3:37 of 1st period - Wrist shot by Brendan Morrison.
3:37 of 1st period - Stopped by Craig Anderson without a rebound.
3:38 of 1st period - Michal Handzus wins face-off versus Robert Nilsson in Flames zone.
3:38 of 1st period - Michal Handzus is hit by Brett Clark.
4:38 of 1st period - Slapshot by Paul Stastny.
4:38 of 1st period - Shot Misses the Net.
4:52 of 1st period - Mike Leclerc is hit by Steve Ott and loses puck.
5:29 of 1st period - Dustin Penner is hit by Eric Staal and loses puck.
5:48 of 1st period - Mark Bell is hit by Nils Ekman.
5:52 of 1st period - Brett Lebda is hit by Brett Clark.
7:04 of 1st period - Minor Penalty to Alexander Semin for Tripping.
7:05 of 1st period - Claude Giroux wins face-off versus Michal Handzus in Flames zone.
7:08 of 1st period - Snap shot by Claude Giroux.
7:08 of 1st period - Shot Hit the Post.
7:22 of 1st period - Steve Eminger is hit by Alexander Frolov and loses puck.
7:42 of 1st period - Slapshot by Alex Goligoski.
7:42 of 1st period - Stopped by Craig Anderson with a rebound.
9:04 of 1st period - Penalty to Alexander Semin is over, Alexander Semin is back on ice.
9:25 of 1st period - Slapshot by Jay Harrison.
9:25 of 1st period - Stopped by Craig Anderson without a rebound.
9:26 of 1st period - Eric Staal wins face-off versus Rob Schremp in Flames zone.
9:33 of 1st period - Jay Harrison is hit by Niklas Kronwall and loses puck.
10:14 of 1st period - Robert Nilsson is hit by Marcel Goc and loses puck.
10:48 of 1st period - Slapshot by Dion Phaneuf.
10:48 of 1st period - Deflect By Alexander Semin.
10:48 of 1st period - Stopped by Craig Anderson without a rebound.
10:49 of 1st period - Robert Nilsson wins face-off versus Eric Staal in Flames zone.
11:23 of 1st period - David Backes is hit by Byron Bitz.
11:41 of 1st period - Slapshot by Josef Vasicek.
11:41 of 1st period - Shot Hit the Post.
11:43 of 1st period - Snap shot by Jordin Tootoo.
11:43 of 1st period - Stopped by Marc-André Fleury with a rebound.
11:45 of 1st period - Wrist shot by Brett Lebda.
11:45 of 1st period - Stopped by Marc-André Fleury with a rebound.
11:47 of 1st period - Slapshot by Brett Lebda.
11:47 of 1st period - Stopped by Marc-André Fleury without a rebound.
11:48 of 1st period - Robert Nilsson wins face-off versus Eric Staal in Maple Leafs zone.
11:55 of 1st period - Snap shot by Eric Staal.
11:55 of 1st period - Stopped by Marc-André Fleury without a rebound.
11:56 of 1st period - Robert Nilsson wins face-off versus Eric Staal in Maple Leafs zone.
11:56 of 1st period - Robert Nilsson is hit by Steve Eminger.
12:14 of 1st period - Snap shot by Alexander Semin.
12:14 of 1st period - Stopped by Marc-André Fleury with a rebound.
12:16 of 1st period - Wrist shot by Alexander Semin.
12:16 of 1st period - Shot Blocked by Tobias Enstrom.
12:18 of 1st period - Slapshot by Milan Hejduk.
12:18 of 1st period - Shot Blocked by Tobias Enstrom.
12:20 of 1st period - Wrist shot by Alexander Semin.
12:20 of 1st period - Shot Misses the Net.
12:22 of 1st period - Snap shot by Eric Staal.
12:22 of 1st period - Deflect By Milan Hejduk.
12:22 of 1st period - Shot Misses the Net.
12:22 of 1st period - Puck is out of play.
12:23 of 1st period - Byron Bitz wins face-off versus Petr Schastlivy in Maple Leafs zone.
12:36 of 1st period - Wrist shot by Michal Handzus.
12:36 of 1st period - Stopped by Marc-André Fleury without a rebound.
12:37 of 1st period - Eric Staal wins face-off versus Robert Nilsson in Maple Leafs zone.
12:39 of 1st period - Minor Penalty to Robert Nilsson for Slashing.
12:40 of 1st period - Paul Stastny wins face-off versus Eric Staal in Maple Leafs zone.
13:37 of 1st period - Snap shot by Mark Bell.
13:37 of 1st period - Shot Blocked by Lasse Kukkonen.
13:39 of 1st period - Wrist shot by Erik Johnson.
13:39 of 1st period - Deflect By Josef Vasicek.
13:39 of 1st period - Shot Misses the Net.
13:39 of 1st period - Puck is out of play.
13:40 of 1st period - Brendan Morrison wins face-off versus Eric Staal in Maple Leafs zone.
13:53 of 1st period - Slapshot by Alexander Semin.
13:53 of 1st period - Shot Misses the Net.
14:27 of 1st period - Brendan Morrison is hit by Alexander Semin and loses puck.
14:39 of 1st period - Penalty to Robert Nilsson is over, Robert Nilsson is back on ice.
14:59 of 1st period - Off-side.
15:00 of 1st period - Rob Schremp wins face-off versus Josef Vasicek in neutral zone.
15:09 of 1st period - Backhand shot by Josef Vasicek.
15:09 of 1st period - Goal by Josef Vasicek - Flames : 1 - Maple Leafs : 0.
15:10 of 1st period - Brendan Morrison wins face-off versus Eric Staal in neutral zone.
16:40 of 1st period - Backhand shot by David Backes.
16:40 of 1st period - Stopped by Marc-André Fleury with a rebound.
17:04 of 1st period - Minor Penalty to Erik Johnson for Interference.
17:05 of 1st period - Robert Nilsson wins face-off versus Michal Handzus in Flames zone.
17:18 of 1st period - Wrist shot by Robert Nilsson.
17:18 of 1st period - Goal by Robert Nilsson - Flames : 1 - Maple Leafs : 1.
17:19 of 1st period - Eric Staal wins face-off versus Robert Nilsson in neutral zone.
17:56 of 1st period - Off-side.
17:57 of 1st period - Michal Handzus wins face-off versus Robert Nilsson in neutral zone.
17:59 of 1st period - Minor Penalty to Robert Nilsson for Hooking.
18:00 of 1st period - Paul Stastny wins face-off versus Eric Staal in Maple Leafs zone.
18:09 of 1st period - Wrist shot by Alexander Semin.
18:09 of 1st period - Shot Hit the Post.
18:11 of 1st period - Slapshot by Erik Johnson.
18:11 of 1st period - Shot Blocked by Tobias Enstrom.
18:13 of 1st period - Snap shot by Eric Staal.
18:13 of 1st period - Shot Misses the Net.
19:21 of 1st period - Josef Vasicek is hit by Brendan Morrison and loses puck.
19:41 of 1st period - Eric Staal is hit by Dion Phaneuf and loses puck.
19:59 of 1st period - Penalty to Robert Nilsson is over, Robert Nilsson is back on ice.
2nd period
0:01 of 2nd period - Robert Nilsson wins face-off versus Eric Staal in neutral zone.
0:04 of 2nd period - Steve Eminger is hit by Claude Giroux and loses puck.
0:27 of 2nd period - Michal Handzus is hit by Byron Bitz.
1:16 of 2nd period - Branko Radivojevic is hit by Jamal Mayers and loses puck.
1:53 of 2nd period - Snap shot by Claude Giroux.
1:53 of 2nd period - Stopped by Craig Anderson with a rebound.
1:59 of 2nd period - Alexander Frolov is hit by Michal Handzus and loses puck.
2:20 of 2nd period - Brendan Morrison is hit by Josef Vasicek.
2:26 of 2nd period - Dion Phaneuf is hit by Ron Hainsey and loses puck.
2:37 of 2nd period - Snap shot by Dustin Penner.
2:37 of 2nd period - Stopped by Craig Anderson with a rebound.
2:39 of 2nd period - Snap shot by Dustin Penner.
2:39 of 2nd period - Stopped by Craig Anderson without a rebound.
2:40 of 2nd period - Robert Nilsson wins face-off versus Eric Staal in Flames zone.
3:28 of 2nd period - Minor Penalty to Marcel Goc for High sticking.
3:29 of 2nd period - Robert Nilsson wins face-off versus Michal Handzus in Flames zone.
3:30 of 2nd period - Snap shot by Claude Giroux.
3:30 of 2nd period - Deflect By Alexander Frolov.
3:30 of 2nd period - Goal by Alexander Frolov - Flames : 1 - Maple Leafs : 2.
3:31 of 2nd period - Robert Nilsson wins face-off versus Eric Staal in neutral zone.
3:31 of 2nd period - Minor Penalty to Brett Lebda for Boarding.
3:32 of 2nd period - Michal Handzus wins face-off versus Robert Nilsson in Flames zone.
5:31 of 2nd period - Penalty to Brett Lebda is over, Brett Lebda is back on ice.
5:32 of 2nd period - Alexander Semin is hit by Robert Nilsson.
5:45 of 2nd period - Steve Eminger is hit by Steve Ott.
5:56 of 2nd period - Steve Ott is hit by Milan Hejduk and loses puck.
6:03 of 2nd period - Snap shot by Milan Hejduk.
6:03 of 2nd period - Stopped by Marc-André Fleury without a rebound.
6:04 of 2nd period - Michal Handzus wins face-off versus Paul Stastny in Maple Leafs zone.
6:05 of 2nd period - Wrist shot by David Backes.
6:05 of 2nd period - Shot Misses the Net.
6:32 of 2nd period - Wrist shot by Marcel Goc.
6:32 of 2nd period - Stopped by Marc-André Fleury with a rebound.
6:34 of 2nd period - Snap shot by Tomas Kaberle.
6:34 of 2nd period - Shot Blocked by Jay Harrison.
6:36 of 2nd period - Slapshot by Brett Lebda.
6:36 of 2nd period - Shot Blocked by Jay Harrison.
6:38 of 2nd period - Snap shot by Tomas Kaberle.
6:38 of 2nd period - Shot Blocked by Lasse Kukkonen.
6:40 of 2nd period - Backhand shot by Tomas Kaberle.
6:40 of 2nd period - Shot Misses the Net.
6:42 of 2nd period - Snap shot by Mike Leclerc.
6:42 of 2nd period - Shot Misses the Net.
7:38 of 2nd period - Wrist shot by Claude Giroux.
7:38 of 2nd period - Stopped by Craig Anderson without a rebound.
7:39 of 2nd period - Marcel Goc wins face-off versus Robert Nilsson in Flames zone.
7:48 of 2nd period - Slapshot by Tomas Kaberle.
7:48 of 2nd period - Stopped by Marc-André Fleury without a rebound.
7:49 of 2nd period - Eric Staal wins face-off versus Robert Nilsson in Maple Leafs zone.
7:52 of 2nd period - Snap shot by Eric Staal.
7:52 of 2nd period - Shot Blocked by Alex Goligoski.
7:54 of 2nd period - Wrist shot by Milan Hejduk.
7:54 of 2nd period - Shot Blocked by Tobias Enstrom.
7:56 of 2nd period - Slapshot by Eric Staal.
7:56 of 2nd period - Shot Misses the Net.
7:58 of 2nd period - Slapshot by Erik Johnson.
7:58 of 2nd period - Deflect By Claude Giroux.
7:58 of 2nd period - Stopped by Marc-André Fleury without a rebound.
7:59 of 2nd period - Robert Nilsson wins face-off versus Eric Staal in Maple Leafs zone.
8:16 of 2nd period - Wrist shot by Alexander Semin.
8:16 of 2nd period - Stopped by Marc-André Fleury without a rebound.
8:17 of 2nd period - Brendan Morrison wins face-off versus Michal Handzus in Maple Leafs zone.
8:44 of 2nd period - Wrist shot by Robert Nilsson.
8:44 of 2nd period - Shot Misses the Net.
9:26 of 2nd period - Off-side.
9:27 of 2nd period - Brendan Morrison wins face-off versus Branko Radivojevic in neutral zone.
10:01 of 2nd period - Snap shot by Dustin Penner.
10:01 of 2nd period - Shot Misses the Net.
10:09 of 2nd period - Wrist shot by Brendan Morrison.
10:09 of 2nd period - Stopped by Craig Anderson with a rebound.
10:12 of 2nd period - Icing by Tomas Kaberle.
10:13 of 2nd period - Robert Nilsson wins face-off versus Marcel Goc in Flames zone.
10:42 of 2nd period - Slapshot by Alexander Semin.
10:42 of 2nd period - Shot Misses the Net.
10:44 of 2nd period - Snap shot by Milan Hejduk.
10:44 of 2nd period - Stopped by Marc-André Fleury without a rebound.
10:45 of 2nd period - Paul Stastny wins face-off versus Eric Staal in Maple Leafs zone.
11:10 of 2nd period - Brett Clark is hit by Erik Johnson and loses puck.
12:09 of 2nd period - Snap shot by Brendan Morrison.
12:09 of 2nd period - Shot Blocked by Steve Eminger.
12:11 of 2nd period - Slapshot by Lasse Kukkonen.
12:11 of 2nd period - Stopped by Craig Anderson with a rebound.
12:13 of 2nd period - Snap shot by Jay Harrison.
12:13 of 2nd period - Stopped by Craig Anderson without a rebound.
12:14 of 2nd period - Robert Nilsson wins face-off versus Josef Vasicek in Flames zone.
12:47 of 2nd period - Wrist shot by Dion Phaneuf.
12:47 of 2nd period - Goal by Dion Phaneuf - Flames : 1 - Maple Leafs : 3.
12:48 of 2nd period - Robert Nilsson wins face-off versus Eric Staal in neutral zone.
12:51 of 2nd period - Brett Lebda is hit by Claude Giroux and loses puck.
13:37 of 2nd period - Snap shot by Josef Vasicek.
13:37 of 2nd period - Goal by Josef Vasicek - Flames : 2 - Maple Leafs : 3.
13:38 of 2nd period - Robert Nilsson wins face-off versus Alexander Semin in neutral zone.
13:47 of 2nd period - Snap shot by Alexander Frolov.
13:47 of 2nd period - Shot Misses the Net.
14:13 of 2nd period - Snap shot by David Backes.
14:13 of 2nd period - Shot Misses the Net.
14:33 of 2nd period - Paul Stastny is hit by Mike Leclerc and loses puck.
14:54 of 2nd period - Jamal Mayers is hit by Alexander Semin and loses puck.
15:08 of 2nd period - Off-side.
15:09 of 2nd period - Josef Vasicek wins face-off versus Robert Nilsson in neutral zone.
15:37 of 2nd period - Snap shot by Alexander Semin.
15:37 of 2nd period - Stopped by Marc-André Fleury with a rebound.
16:01 of 2nd period - Backhand shot by Jamal Mayers.
16:01 of 2nd period - Stopped by Craig Anderson with a rebound.
16:03 of 2nd period - Slapshot by Jamal Mayers.
16:03 of 2nd period - Shot Blocked by Eric Staal.
16:05 of 2nd period - Wrist shot by Lasse Kukkonen.
16:05 of 2nd period - Shot Misses the Net.
16:07 of 2nd period - Slapshot by Lasse Kukkonen.
16:07 of 2nd period - Stopped by Craig Anderson without a rebound.
16:08 of 2nd period - Michal Handzus wins face-off versus Robert Nilsson in Flames zone.
16:22 of 2nd period - Minor Penalty to Lasse Kukkonen for Tripping.
16:22 of 2nd period - Minor Penalty to Michal Handzus for Hooking.
16:23 of 2nd period - Robert Nilsson wins face-off versus Eric Staal in neutral zone.
16:35 of 2nd period - Claude Giroux is hit by Steve Eminger and loses puck.
17:03 of 2nd period - Off-side.
17:04 of 2nd period - Milan Hejduk wins face-off versus Brendan Morrison in neutral zone.
17:07 of 2nd period - Alexander Frolov is hit by Milan Hejduk and loses puck.
17:16 of 2nd period - Wrist shot by Erik Johnson.
17:16 of 2nd period - Stopped by Marc-André Fleury with a rebound.
18:12 of 2nd period - Robert Nilsson is hit by Eric Staal and loses puck.
18:22 of 2nd period - Penalty to Lasse Kukkonen is over, Lasse Kukkonen is back on ice.
18:22 of 2nd period - Penalty to Michal Handzus is over, Michal Handzus is back on ice.
18:38 of 2nd period - Slapshot by Tobias Enstrom.
18:38 of 2nd period - Stopped by Craig Anderson without a rebound.
18:39 of 2nd period - Brendan Morrison wins face-off versus Mark Bell in Flames zone.
19:06 of 2nd period - Mike Leclerc is hit by Paul Stastny and loses puck.
3rd period
0:01 of 3rd period - Eric Staal wins face-off versus Robert Nilsson in neutral zone.
0:31 of 3rd period - Slapshot by Tobias Enstrom.
0:31 of 3rd period - Stopped by Craig Anderson without a rebound.
0:32 of 3rd period - Brendan Morrison wins face-off versus Michal Handzus in Flames zone.
0:43 of 3rd period - Slapshot by Brendan Morrison.
0:43 of 3rd period - Stopped by Craig Anderson without a rebound.
0:44 of 3rd period - Claude Giroux wins face-off versus Eric Staal in Flames zone.
1:18 of 3rd period - Slapshot by David Backes.
1:18 of 3rd period - Shot Blocked by Tobias Enstrom.
1:36 of 3rd period - Josef Vasicek is hit by Andy Hilbert and loses puck.
1:43 of 3rd period - Snap shot by Paul Stastny.
1:43 of 3rd period - Stopped by Craig Anderson with a rebound.
1:55 of 3rd period - Snap shot by Jamal Mayers.
1:55 of 3rd period - Stopped by Craig Anderson with a rebound.
1:57 of 3rd period - Slapshot by Jay Harrison.
1:57 of 3rd period - Stopped by Craig Anderson without a rebound.
1:58 of 3rd period - Rob Schremp wins face-off versus Marcel Goc in Flames zone.
2:07 of 3rd period - Slapshot by Rob Schremp.
2:07 of 3rd period - Shot Misses the Net.
2:09 of 3rd period - Slapshot by Jay Harrison.
2:09 of 3rd period - Deflect By Steve Ott.
2:09 of 3rd period - Stopped by Craig Anderson without a rebound.
2:09 of 3rd period - Minor Penalty to Marcel Goc for Holding.
2:10 of 3rd period - Robert Nilsson wins face-off versus Michal Handzus in Flames zone.
2:11 of 3rd period - Slapshot by Claude Giroux.
2:11 of 3rd period - Stopped by Craig Anderson with a rebound.
4:09 of 3rd period - Penalty to Marcel Goc is over, Marcel Goc is back on ice.
4:23 of 3rd period - Jordin Tootoo is hit by Paul Stastny and loses puck.
4:34 of 3rd period - Mark Bell is hit by Dion Phaneuf and loses puck.
4:43 of 3rd period - Snap shot by Jamal Mayers.
4:43 of 3rd period - Stopped by Craig Anderson with a rebound.
5:27 of 3rd period - Snap shot by Rob Schremp.
5:27 of 3rd period - Stopped by Craig Anderson without a rebound.
5:28 of 3rd period - David Backes wins face-off versus Rob Schremp in Flames zone.
5:41 of 3rd period - Jamal Mayers is hit by Michal Handzus and loses puck.
6:17 of 3rd period - Icing by Alex Goligoski.
6:18 of 3rd period - Brendan Morrison wins face-off versus Josef Vasicek in Maple Leafs zone.
6:29 of 3rd period - Snap shot by Brendan Morrison.
6:29 of 3rd period - Shot Misses the Net.
6:31 of 3rd period - Wrist shot by Brendan Morrison.
6:31 of 3rd period - Deflect By Byron Bitz.
6:31 of 3rd period - Shot Misses the Net.
6:31 of 3rd period - Puck is out of play.
6:32 of 3rd period - Robert Nilsson wins face-off versus Alexander Semin in Flames zone.
7:03 of 3rd period - David Backes is hit by Dion Phaneuf and loses puck.
7:43 of 3rd period - Brett Clark is hit by Branko Radivojevic and loses puck.
8:23 of 3rd period - Icing by Alexander Semin.
8:24 of 3rd period - Brendan Morrison wins face-off versus Michal Handzus in Flames zone.
8:32 of 3rd period - Off-side.
8:33 of 3rd period - Eric Staal wins face-off versus Robert Nilsson in neutral zone.
8:40 of 3rd period - Slapshot by Eric Staal.
8:40 of 3rd period - Shot Misses the Net.
9:02 of 3rd period - Dustin Penner is hit by Petr Schastlivy and loses puck.
9:41 of 3rd period - Branko Radivojevic is hit by Lasse Kukkonen and loses puck.
9:52 of 3rd period - Steve Eminger is hit by Steve Ott and loses puck.
10:03 of 3rd period - Claude Giroux is hit by Tomas Kaberle and loses puck.
10:12 of 3rd period - Alexander Semin is hit by Lasse Kukkonen and loses puck.
10:32 of 3rd period - Minor Penalty to Ron Hainsey for Hooking.
10:33 of 3rd period - Michal Handzus wins face-off versus Robert Nilsson in Flames zone.
10:33 of 3rd period - Michal Handzus is hit by Alexander Frolov.
11:49 of 3rd period - Snap shot by Dion Phaneuf.
11:49 of 3rd period - Shot Blocked by Erik Johnson.
12:05 of 3rd period - Wrist shot by Robert Nilsson.
12:05 of 3rd period - Deflect By Claude Giroux.
12:05 of 3rd period - Shot Misses the Net.
12:05 of 3rd period - Puck is out of play.
12:06 of 3rd period - Michal Handzus wins face-off versus Brendan Morrison in Flames zone.
12:32 of 3rd period - Penalty to Ron Hainsey is over, Ron Hainsey is back on ice.
13:10 of 3rd period - Snap shot by Alexander Semin.
13:10 of 3rd period - Shot Misses the Net.
13:31 of 3rd period - Slapshot by Niklas Kronwall.
13:31 of 3rd period - Shot Misses the Net.
14:18 of 3rd period - Icing by Jordin Tootoo.
14:19 of 3rd period - Marcel Goc wins face-off versus Robert Nilsson in Flames zone.
14:30 of 3rd period - Snap shot by Mike Leclerc.
14:30 of 3rd period - Deflect By Marcel Goc.
14:30 of 3rd period - Stopped by Marc-André Fleury without a rebound.
14:31 of 3rd period - Robert Nilsson wins face-off versus Alexander Semin in Maple Leafs zone.
14:31 of 3rd period - Robert Nilsson is hit by Alexander Semin.
14:56 of 3rd period - Brett Clark is hit by Josef Vasicek and loses puck.
15:29 of 3rd period - Slapshot by Paul Stastny.
15:29 of 3rd period - Shot Blocked by Erik Johnson.
15:31 of 3rd period - Snap shot by Lasse Kukkonen.
15:31 of 3rd period - Shot Misses the Net.
15:43 of 3rd period - Wrist shot by Eric Staal.
15:43 of 3rd period - Stopped by Marc-André Fleury with a rebound.
16:03 of 3rd period - Snap shot by Branko Radivojevic.
16:03 of 3rd period - Deflect By Marcel Goc.
16:03 of 3rd period - Shot Blocked by Jamal Mayers.
16:03 of 3rd period - Puck is out of play.
16:04 of 3rd period - Josef Vasicek wins face-off versus Paul Stastny in Maple Leafs zone.
17:45 of 3rd period - Wrist shot by Branko Radivojevic.
17:45 of 3rd period - Deflect By Marcel Goc.
17:45 of 3rd period - Stopped by Marc-André Fleury with a rebound.
17:59 of 3rd period - Nils Ekman is hit by Josef Vasicek and loses puck.
18:33 of 3rd period - Snap shot by Brendan Morrison.
18:33 of 3rd period - Stopped by Craig Anderson with a rebound.
18:35 of 3rd period - Slapshot by Jay Harrison.
18:35 of 3rd period - Stopped by Craig Anderson with a rebound.
18:37 of 3rd period - Wrist shot by Byron Bitz.
18:37 of 3rd period - Shot Misses the Net.
19:21 of 3rd period - Alexander Semin is hit by Robert Nilsson and loses puck.
19:34 of 3rd period - Snap shot by Claude Giroux.
19:34 of 3rd period - Shot Misses the Net.
19:36 of 3rd period - Slapshot by Tobias Enstrom.
19:36 of 3rd period - Shot Blocked by Tomas Kaberle.
19:38 of 3rd period - Snap shot by Tobias Enstrom.
19:38 of 3rd period - Stopped by Craig Anderson with a rebound.
19:42 of 3rd period - Snap shot by Claude Giroux.
19:42 of 3rd period - Stopped by Craig Anderson with a rebound.
19:44 of 3rd period - Wrist shot by Alexander Frolov.
19:44 of 3rd period - Shot Misses the Net.
19:58 of 3rd period - Snap shot by Robert Nilsson.
19:58 of 3rd period - Goal by Robert Nilsson - Flames : 2 - Maple Leafs : 4.
19:59 of 3rd period - Dustin Penner wins face-off versus Mark Bell in neutral zone.
Output by the SimonT Hockey Simulator (STHS) for François Prévost -- Original Page W3C XHTML 1.0 Valid